 Dungeon Crawl Stone Soup version 0.25-a0-21-ga5a8db46c7 (webtiles) character file.

Game seed: 18367805672723170226, levelgen mode: deterministic

7 MalarOregon the Conjurer (level 1, 0/15 HPs)
             Began as a Draconian Conjurer on Oct 16, 2019.
             Slain by a quokka (5 damage)
             ... on level 2 of the Dungeon.
             The game lasted 00:00:40 (858 turns).

MalarOregon the Conjurer (Draconian Conjurer)        Turns: 858, Time: 00:00:41

Health: 0/15       AC:  4    Str: 10    XL:     1   Next: 83%
Magic:  0/3        EV: 12    Int: 15    God:
Gold:   29         SH:  0    Dex: 11    Spells: 3/4 levels left

rFire    . . .     SeeInvis .   (no weapon)
rCold    . . .     Gourm    .   (no shield)
rNeg     . . .     Faith    .   (armour unavailable)
rPois    .         Spirit   .   (helmet restricted)
rElec    .         Reflect  .   (no cloak)
rCorr    .         Harm     .   (no gloves)
MR       .....                  (no boots)
Stlth    ++........             (no amulet)
HPRegen  0.05/turn              (no ring)
MPRegen  0.08/turn              (no ring)

@: very slightly contaminated
A: unfitting armour, cold-blooded, AC +4
a: no special abilities


You were on level 2 of the Dungeon.
You were not hungry.

You visited 1 branch of the dungeon, and saw 2 of its levels.

You collected 29 gold pieces.

Inventory:

Scrolls
 a - a scroll of remove curse {unknown}
 b - a scroll of fear {unknown}
 f - a scroll of identify {unknown}
 g - a scroll of blinking {unknown}
Potions
 d - 2 potions of degeneration {unknown}
 h - a potion of might {unknown}
Comestibles
 e - a ration {!d}


   Skills:
 * Level 0.7 Fighting
 * Level 2.0 Dodging
 - Level 1.7 Stealth
 + Level 2.0 Spellcasting
 + Level 4.0 Conjurations


You had 3 spell levels left.
You knew the following spells:

 Your Spells              Type           Power        Failure   Level  Hunger
a - Magic Dart            Conj           ##..         4%          1    #......

Your spell library contained the following spells:

 Spells                   Type           Power        Failure   Level  Hunger
 Searing Ray              Conj           ##....       6%          2    ###....
 Dazzling Spray           Conj/Hex       #.....       28%         3    ###....
 Iskenderun's Mystic Bla  Conj           ##......     38%         4    #####..
 Force Lance              Conj/Tloc      #.......     67%         4    #####..
 Fulminant Prism          Conj/Hex       #.........   67%         4    #####..


Dungeon Overview and Level Annotations

Branches:
Dungeon (2/15)

Altars:


Innate Abilities, Weirdness & Mutations

Your plain brown scales are hard. (AC +4)
You cannot fit into any form of body armour.
You are cold-blooded and may be slowed by cold attacks.


Message History

Found a knobbly bone ring and a murky yellow potion.
A quokka comes into view.
Found a scroll labeled IMILUI JESCH.
A quokka is nearby!
A quokka is nearby!
A quokka is nearby!
No target in view!
No target in view!
A hobgoblin comes into view. It is wielding a +0 club.
You see here a knobbly bone ring.
There are monsters nearby!
There are monsters nearby!
A giant cockroach comes into view.
The quokka closely misses you. The quokka barely misses you.
You closely miss the quokka.
The hobgoblin shouts!
You hear a shout!
The quokka completely misses you.
You barely miss the quokka. The quokka bites you.
You closely miss the quokka. The quokka barely misses you.
The quokka misses you.
Aim: a quokka The magic dart hits the quokka.
The quokka bites you.
You don't have enough magic to cast that spell.
The quokka barely misses you.
You barely miss the quokka. The quokka closely misses you.
You closely miss the quokka. The quokka bites you.
You closely miss the quokka. The quokka bites you.
You miss the quokka. The quokka barely misses you.
Aim: a quokka (severely wounded)
You miscast Magic Dart.
You are very lightly contaminated with residual magic.
Nothing appears to happen.
The quokka bites you but does no damage. x2
You closely miss the quokka. The quokka misses you.
Unknown command.
You closely miss the quokka.
Your tail-slap misses the quokka.
The quokka misses you.
Unknown command.
You hit the quokka but do no damage.
Your tail-slap misses the quokka.
The quokka closely misses you.
Unknown command.
You hit the quokka but do no damage.
You tail-slap the quokka, but do no damage.
The quokka barely misses you.
Unknown command.
You hit the quokka but do no damage. The quokka closely misses you.
The quokka bites you.
* * * LOW HITPOINT WARNING * * *
You barely miss the quokka. The quokka bites you.
You die...

#.##### .......#
.##.....#######.......#
.........<...#....?...#
..........##...#......#
..........##..........#
......)...###!#........
..........#gs..........
..........#r##.......##
..........#@#=.###....#
.......................
..#.....###.#..###.#...
# ####### #....# #.
..>.## .....# ..#####
... ....


You could see a quokka, a giant cockroach and a hobgoblin.

Vanquished Creatures
  2 bats
  A giant cockroach (D:1)
  A hobgoblin (D:2)
  2 rats (D:1)
6 creatures vanquished.

Notes
Turn   | Place    | Note
-------+----------+-------------------------------------------
     0 | D:1      | MalarOregon the Draconian Conjurer began the quest for the
                  | Orb.
     0 | D:1      | Reached XP level 1. HP: 14/14 MP: 3/3
   858 | D:2      | Slain by a quokka

Levels and vault maps discovered:
D:1:      minmay_arrival_nine_rooms, layout_basic
D:2:      layout_rooms

Skill      XL: |  1 |
---------------+----+-----
Dodging        | 2 |  2.0
Fighting       | |  0.7
Stealth        | |  1.7
Spellcasting   | |  2.0
Conjurations   | |  4.0

Action                   || total
-------------------------++-------
Melee: Unarmed           ||    36
       Tailslap          ||     2
 Cast: Magic Dart        ||    10
 Stab: Sleeping          ||     1
Armor: Skin              ||    16
Dodge: Dodged            ||    38

Table legend:
 A = Non-vault XP
 B = Vault XP
 C = Vault XP percentage of total XP
 D = Non-vault monster count
 E = Vault monster count
 F = Vault count percentage of total count
                 A         B        C        D         E       F
            +---------+---------+-------+---------+---------+-------
      Total |      10 |       0 |   0.0 |       6 |       0 |   0.0
            +---------+---------+-------+---------+---------+-------
        D:1 |       6 |       0 |   0.0 |       4 |       0 |   0.0
        D:2 |       4 |       0 |   0.0 |       2 |       0 |   0.0
            +---------+---------+-------+---------+---------+-------
